 Dungeon Crawl Stone Soup version 0.31-a0-348-g810772c3d7 (webtiles) character file.

Game seed: 7586589529452943652

181 Conn the Nimble (level 5, -15/31 HPs)
             Began as an Octopode Fire Elementalist on July 23, 2023.
             Demolished by a gnoll
             ... wielding a +1 heavy flail
              (20 damage)
             ... on level 2 of the Dungeon.
             The game lasted 00:08:12 (2142 turns).

Conn the Nimble (Octopode Fire Elementalist)        Turns: 2142, Time: 00:08:12

Health: -15/31     AC:  1    Str:  7    XL:     5   Next: 61%
Magic:  9/9        EV: 22    Int: 20    God:
Gold:   25         SH:  5    Dex: 12    Spells: 4/10 levels left

rFire   . . .        b - +2 dagger (venom)
rCold   . . .        (no shield)
rNeg    . . .        (helmet restricted)
rPois   .            e - amulet of reflection
rElec   .            h - +5 ring of evasion
rCorr   .            (no ring)
SInv    .            (no ring)
Will    .....        (no ring)
Stlth   +++          (no ring)
HPRegen 0.25/turn    (no ring)
MPRegen 0.11/turn    (no ring)
                     (no ring)

%: reflection
@: weak-willed
A: almost no armour, amphibious, 8 rings, camouflage 1, gelatinous body 1,
(nimble swimmer 1), tentacles
a: no special abilities


You were on level 2 of the Dungeon.
You visited 1 branch of the dungeon, and saw 3 of its levels.

You collected 25 gold pieces.

Inventory:

Hand Weapons
 b - a +2 dagger of venom (weapon)
Jewellery
 e - an amulet of reflection (around mantle)
 h - a +5 ring of evasion (left tentacle)
Talismans
 f - a beast talisman
Scrolls
 c - a scroll of amnesia
 g - a scroll of teleportation
Potions
 a - a potion of magic
 i - a potion of attraction


   Skills:
 + Level 0.1 Fighting
 + Level 0.5 Short Blades
 + Level 11.5 Dodging
 + Level 3.5 Stealth
 * Level 3.0 Spellcasting
 * Level 1.6 Conjurations
 + Level 3.6 Fire Magic


You had 4 spell levels left.
You knew the following spells:

 Your Spells              Type           Power      Damage    Failure   Level
a - Foxfire               Conj/Fire      52%        2x1d6     4%          1
b - Scorch                Fire           34%        2d6       4%          2
c - Inner Flame           Hex/Fire       10%        N/A       21%         3

Your spell library contained the following spells:

 Spells                   Type           Power      Damage    Failure   Level
 Volatile Blastmotes      Fire/Tloc      20%        2d11      21%         3
 Flame Wave               Conj/Fire      13%        2d6       43%         4


Dungeon Overview and Level Annotations

Branches:
Dungeon (3/15)

Altars:

Annotations:
D:3 Grinder


Innate Abilities, Weirdness & Mutations

You cannot wear most types of armour.
You are amphibious.
You can wear up to eight rings at the same time.
Your skin changes colour to match your surroundings (Stealth+).
Your rubbery body absorbs attacks. (AC +1, EV +1)
((You are camouflaged when in or above water. (Stealth+)))
You have tentacles for arms and can constrict up to eight enemies at once.


Message History

Okay, then.
There is a stone staircase leading down here.
Okay, then.
Okay, then.
There is an open door here.
There is an open door here.
You see here a +0 robe.
There is a stone staircase leading down here.
You climb downwards.
Level annotation: Grinder The gnoll shouts! x2
A giant cockroach comes into view.
The gnoll hits you with a +0 whip. The gnoll completely misses you. x2
There is a stone staircase leading up, spattered with blood here.
Okay, then.
Okay, then.
The gnoll barely misses you. The gnoll misses you.
The gnoll hits you with a +1 heavy flail!!
Ouch! That really hurt!
* * * LOW HITPOINT WARNING * * *
You climb upwards.
There is a stone staircase leading down here.
Unknown command.
Okay, then.
Press: ? - help, v - describe, . - travel
Here: a gnoll, wielding a +1 heavy flail The floor.
Unknown command.
You feel more experienced!
Your Dodging skill gained 9 levels and is now at level 11!
You have reached level 5!
You feel clever. The gnoll completely misses you.
Okay, then.
Okay, then.
As you read the scroll labelled BAV DALUKE, it crumbles to dust.
Magic quickly surges around you.
It was a scroll of vulnerability.
The gnoll hits you with a +1 heavy flail!!
Ouch! That really hurt!
You die...

######...# ########## #.### ##
#........# #.# .# #.######.# #.#
.# #.# #.# #.# .#######
#.######.#### ##.## .......#
#.##........# ##...#### .#####.#
#.##.###.##.###........ .# #.#
#....g@..##........#### .# #.#
####.g..#########.## .# #.#
####.# #.# ######.##### #.# #.#
#........[# #.# ##'## #..#..###.#
#.# ##...## #.#.### #.# #.#
##.....## #...# #.# ###.##
##.......##
##...#####.####....####.........#


You could see 2 gnolls.

Vanquished Creatures
  Jessica (D:2)
  An adder (D:2)
  A worm (D:2)
  6 endoplasms
  4 giant cockroaches
  12 goblins
  4 hobgoblins
  6 ball pythons
  5 bats
  2 frilled lizards (D:2)
  4 kobolds
  3 rats
49 creatures vanquished.

Vanquished Creatures (others)
  49 foxfires
49 creatures vanquished.

Grand Total: 98 creatures vanquished

Notes
Turn   | Place    | Note
-------+----------+-------------------------------------------
     0 | D:1      | Conn the Octopode Fire Elementalist began the quest for the
                  | Orb.
     0 | D:1      | Reached XP level 1. HP: 11/11 MP: 3/3
   179 | D:1      | Reached XP level 2. HP: 16/17 MP: 1/5
   440 | D:1      | Reached XP level 3. HP: 16/21 MP: 1/6
   598 | D:1      | Learned a level 2 spell: Scorch
   602 | D:1      | Learned a level 3 spell: Inner Flame
  1150 | D:2      | Reached XP level 4. HP: 27/27 MP: 8/8
  1206 | D:2      | Noticed Jessica
  1216 | D:2      | Killed Jessica
  1358 | D:2      | Found a faded altar of an unknown god.
  1923 | D:3      | Noticed Grinder
  2141 | D:2      | Reached skill level 11 in Dodging
  2141 | D:2      | Reached XP level 5. HP: 4/31 MP: 9/9
  2142 | D:2      | Demolished by a gnoll

Illustrated notes

Levels and vault maps discovered:
D:1:      lemuel_arrival_tunnels, layout_rooms
D:2:      layout_loops_corners, shapermc_ecumenical_altar_starsandcircs,
          uniq_jessica
D:3:      layout_loops_ring, nicolae_qazlal_style_of_elements, serial_shops,
          shop, minmay_ogre_servants, uniq_grinder, uniq_terence

Skill      XL: |  1  2  3  4 |
---------------+-------------+-----
Stealth        | 3 |  3.5
Spellcasting   | 3 |  3.0
Dodging        | 11 | 11.5
Fighting       | |  0.1
Short Blades   | |  0.5
Conjurations   | |  1.6
Fire Magic     | |  3.6

Action                     |  1- 3 |  4- 6 || total
---------------------------+-------+-------++-------
  Melee: Unarmed           |     4 |       ||     4
         Tentacles         |     7 |     1 ||     8
         Dagger            |    31 |    11 ||    42
         Constrict         |     6 |     2 ||     8
   Cast: Foxfire           |    29 |     3 ||    32
         Scorch            |       |     4 ||     4
    Use: Scroll            |       |     4 ||     4
         Potion            |       |     2 ||     2
   Stab: Sleeping          |    10 |     1 ||    11
 Armour: Skin              |     3 |     2 ||     5
  Dodge: Dodged            |    17 |    12 ||    29
  Block: Other             |     1 |     3 ||     4

Table legend: (Time is in decaauts)
 A = Elapsed time spent in this place.
 B = Non-inter-level travel time spent in this place.
 C = Inter-level travel time spent in this place.
 D = Time resting spent in this place.
 E = Time spent auto-exploring this place.
 F = Levels seen in this place.
 G = Mean time per level.
                   A        B        C        D        E       F      G
               +--------+--------+--------+--------+--------+-----+--------+
         Total |   2142 |   2089 |     53 |    160 |   1306 |   3 |  714.0 |
       Dungeon |   2142 |   2089 |     53 |    160 |   1306 |   3 |  714.0 |
               +--------+--------+--------+--------+--------+-----+--------+

Top non-repeatable levels by time:
     D:2: 1364 daAuts
     D:1: 758 daAuts
     D:3: 19 daAuts
